 Dungeon Crawl Stone Soup version 0.32-a0-42-ga30500b4d3 (webtiles) character file.

Game seed: 6811972522499522670

182 pokeman the Magician (level 5, 0/29 HPs)
             Began as a Deep Elf Hedge Wizard on Jan 31, 2024.
             Incinerated by a bombardier beetle (6 damage)
             ... with a burning spray
             ... on level 4 of the Dungeon.
             The game lasted 00:06:04 (3964 turns).

pokeman the Magician (Deep Elf Hedge Wizard)        Turns: 3964, Time: 00:06:04

Health: 0/29       AC:  3    Str:  7    XL:     5   Next: 34%
Magic:  13/15      EV: 13    Int: 21    God:
Gold:   141        SH:  0    Dex: 14    Spells: 8/16 levels left

rFire   . . .        a - +0 dagger
rCold   . . .        (no shield)
rNeg    . . .        b - +0 robe
rPois   .            c - +0 hat
rElec   .            (no cloak)
rCorr   .            r - +0 pair of gloves
SInv    .            (no boots)
Will    .....        (no amulet)
Stlth   +            (no ring)
HPRegen 0.24/turn    (no ring)
MPRegen 0.14/turn

%: no passive effects
@: on fire, glowing
A: no striking features
a: no special abilities


You were on level 4 of the Dungeon.
You visited 1 branch of the dungeon, and saw 4 of its levels.

You collected 141 gold pieces.

Inventory:

Hand Weapons
 a - a +0 dagger (weapon)
Armour
 b - a +0 robe (worn)
 c - a +0 hat (worn)
 r - a +0 pair of gloves (worn)
Magical Staves
 k - a staff of alchemy
Scrolls
 e - 10 scrolls of identify {unknown}
 f - a scroll of teleportation {unknown}
 g - 3 scrolls of amnesia {unknown}
 i - 2 scrolls of enchant armour {unknown}
 m - a scroll of revelation {unknown}
 o - a scroll of summoning {unknown}
 p - a scroll of immolation {unknown}
 q - a scroll of poison {unknown}
Potions
 d - a potion of magic
 h - a potion of curing {unknown}
 j - a potion of might {unknown}
 l - a potion of cancellation {unknown}
 n - a potion of invisibility {unknown}


   Skills:
 - Level 1.0 Fighting
 - Level 1.0 Armour
 - Level 3.0 Dodging
 - Level 3.0 Stealth
 * Level 6.2 Spellcasting
 + Level 2.6 Conjurations
 - Level 1.1 Summonings
 - Level 1.1 Translocations
 + Level 0.4 Air Magic
 + Level 0.3 Alchemy
 + Level 0.5 Evocations


You had 8 spell levels left.
You knew the following spells:

 Your Spells              Type           Power      Damage    Failure   Level
a - Magic Dart            Conj           68%        1d6       3%          1
b - Mephitic Cloud        Conj/Alch/Air  11%        N/A       19%         3
c - Call Imp              Summ           22%        N/A       10%         2
d - Blink                 Tloc           22%        N/A       10%         2

Your spell library contained the following spells:

 Spells                   Type           Power      Damage    Failure   Level
 Necrotise                Necr           24%        1d5       10%         1
 Slow                     Hex            24%        N/A       10%         1
 Cigotuvi's Dreadful Rot  Necr/Alch/Air  14%        N/A       13%         2
 Vampiric Draining        Necr           6%         2d6       28%         3
 Martyr's Knell           Necr/Summ      8%         N/A       58%         4
 Curse of Agony           Necr           6%         N/A       95%         5


Dungeon Overview and Level Annotations

Branches:
Dungeon (4/15)
 Temple: D:4-7

Altars:
Cheibriados

Shops:
D:2 [


Message History

You hit the bombardier beetle.
The bombardier beetle is almost dead.
You hit the bombardier beetle.
The bombardier beetle is almost dead.
The bombardier beetle bites you but does no damage.
You barely miss the bombardier beetle.
The bombardier beetle is almost dead.
You hit the bombardier beetle but do no damage.
The bombardier beetle is almost dead.
The bombardier beetle sprays incendiary fluid at you.
The burning spray hits you.
You are covered in liquid fire!
You hit the bombardier beetle but do no damage.
The bombardier beetle is almost dead.
The liquid fire burns you!
The bombardier beetle closely misses you.
You hit the bombardier beetle but do no damage.
The bombardier beetle is almost dead.
The liquid fire burns you!
You hit the bombardier beetle but do no damage.
The bombardier beetle is almost dead.
The liquid fire burns you! The bombardier beetle bites you.
You barely miss the bombardier beetle.
The bombardier beetle is almost dead.
The liquid fire burns you!
You shake off some of the fire as you move.
The liquid fire burns you!
The bombardier beetle sprays incendiary fluid at you.
The burning spray hits you.
You are even more covered in liquid fire!
You shake off some of the fire as you move.
The liquid fire burns you!
* * * LOW HITPOINT WARNING * * *
You shake off some of the fire as you move.
The liquid fire burns you!
* * * LOW HITPOINT WARNING * * *
You shake off some of the fire as you move.
The liquid fire burns you!
You die...

............. #.##.#
...............#.##.#
#....>#.# #.#.##.#
....#.#.######.#.##.#
.......<....##.#B##.#
....#.#........#.##.#
###.#..........#.##.#
.##.#..........#.##.#
#.#....##'#+#...@##.#
..##...#..........#.#
#.##...####.#.#####.#
...)........#.....#.#
....#.###########.#.#
....#.....#.. #.#
....#..##.#.# #.#
..###..#..#.# #.# ..#
#..#..#.# #.#


You could see a bombardier beetle.

Vanquished Creatures
  A bombardier beetle (D:3)
  5 adders (D:3)
  A dart slug (D:3)
  3 ribbon worms
  3 orcs
  4 endoplasms
  4 giant cockroaches
  11 goblins
  7 hobgoblins
  3 jackals
  5 quokkas
  6 ball pythons
  8 bats
  A frilled lizard (D:1)
  4 kobolds
  9 rats
75 creatures vanquished.

Vanquished Creatures (collateral kills)
  4 orcs (D:3)
  2 bats
  A hobgoblin (D:3)
7 creatures vanquished.

Grand Total: 82 creatures vanquished

Notes
Turn   | Place    | Note
-------+----------+-------------------------------------------
     0 | D:1      | pokeman the Deep Elf Hedge Wizard began the quest for the
                  | Orb.
     0 | D:1      | Reached XP level 1. HP: 10/10 MP: 7/7
   418 | D:1      | Found a faded altar of an unknown god.
   429 | D:1      | Reached XP level 2. HP: 15/15 MP: 4/9
   710 | D:1      | Reached skill level 5 in Spellcasting
  1018 | D:1      | Reached XP level 3. HP: 20/20 MP: 8/11
  1022 | D:1      | Learned a level 3 spell: Mephitic Cloud
  1025 | D:1      | Learned a level 2 spell: Call Imp
  1028 | D:1      | Learned a level 2 spell: Blink
  1291 | D:1      | You fall into a shaft and drop 1 floor!
  1488 | D:2      | Found Uthroq Rigae's Antique Armour Emporium.
  1924 | D:2      | Reached skill level 1 in Armour
  2166 | D:2      | Reached skill level 1 in Fighting
  2309 | D:2      | Found a snail-covered altar of Cheibriados.
  2798 | D:3      | Reached XP level 4. HP: 20/25 MP: 0/13
  3149 | D:3      | Reached skill level 6 in Spellcasting
  3151 | D:3      | Reached XP level 5. HP: 22/29 MP: 7/15
  3964 | D:4      | Incinerated by a bombardier beetle

Illustrated notes

Levels and vault maps discovered:
D:1:      psy_arrival_heroes, layout_basic, ebering_ecumenical_altar_petrified,
          st_stairs_2, minmay_crystal_water
D:2:      layout_basic, basic_altar, serial_shops, shop, hex_tiny,
          minmay_fractal_squares_gapless_5
D:3:      layout_basic, corexii_leaking_fountain, minmay_quantized
D:4:      layout_basic, uniq_crazy_yiuf_cottage

Skill      XL: |  1  2  3  4 |
---------------+-------------+-----
Spellcasting   | 5 6 |  6.2
Armour         | 1 |  1.0
Fighting       | 1 |  1.0
Conjurations   | 2 |  2.6
Dodging        | 3 |  3.0
Stealth        | 3 |  3.0
Summonings     | |  1.1
Translocations | |  1.1
Air Magic      | |  0.4
Alchemy        | |  0.3
Evocations     | |  0.5

Action                     |  1- 3 |  4- 6 || total
---------------------------+-------+-------++-------
  Melee: Dagger            |    45 |    46 ||    91
         Punch             |     1 |       ||     1
   Cast: Magic Dart        |   134 |    59 ||   193
         Mephitic Cloud    |     3 |     1 ||     4
         Call Imp          |     1 |     2 ||     3
   Stab: Confused          |       |     2 ||     2
 Armour: Robe              |    26 |    22 ||    48
  Dodge: Dodged            |    44 |    29 ||    73

Table legend: (Time is in decaauts)
 A = Elapsed time spent in this place.
 B = Non-inter-level travel time spent in this place.
 C = Inter-level travel time spent in this place.
 D = Time resting spent in this place.
 E = Time spent auto-exploring this place.
 F = Levels seen in this place.
 G = Mean time per level.
                   A        B        C        D        E       F      G
               +--------+--------+--------+--------+--------+-----+--------+
         Total |   3965 |   3922 |     43 |    283 |   3077 |   4 |  991.2 |
       Dungeon |   3965 |   3922 |     43 |    283 |   3077 |   4 |  991.2 |
               +--------+--------+--------+--------+--------+-----+--------+

Top non-repeatable levels by time:
     D:1: 1464 daAuts
     D:2: 1128 daAuts
     D:3: 1100 daAuts
     D:4: 271 daAuts
